 Dungeon Crawl Stone Soup version 0.31.0-9-g3a7656b989 (webtiles) character file.

Game seed: 13627139432508078713

49 qw the Shooter (level 3, -5/20 HPs)
             Began as a Deep Elf Hunter on Feb 2, 2024.
             Slain by a gnoll
             ... wielding a +0 spear
              (9 damage)
             ... on level 2 of the Dungeon.
             The game lasted 00:00:04 (1144 turns).

qw the Shooter (Deep Elf Hunter)                    Turns: 1144, Time: 00:00:04

Health: -5/20      AC:  3    Str: 10    XL:     3   Next: 53%
Magic:  5/5        EV: 12    Int: 13    God:
Gold:   41         SH:  5    Dex: 18    Spells: 2/2 levels left

rFire   . . .        a - +0 shortbow
rCold   . . .        (shield currently unavailable)
rNeg    . . .        c - +0 leather armour
rPois   .            (no helmet)
rElec   .            (no cloak)
rCorr   +            (no gloves)
SInv    .            (no boots)
Will    .....        e - amulet of reflection
Stlth   ++           i - ring of resist corrosion
HPRegen 0.23/turn    (no ring)
MPRegen 0.09/turn

%: reflection
@: no status effects
A: no striking features
a: no special abilities


You were on level 2 of the Dungeon.
You visited 1 branch of the dungeon, and saw 2 of its levels.

You collected 65 gold pieces.
You spent 24 gold pieces at shops.


   Skills:
 - Level 1.5 Fighting
 + Level 7.1 Ranged Weapons
 - Level 2.4 Dodging
 - Level 1.2 Stealth


You had 2 spell levels left.
You didn't know any spells.
Your spell library was empty.

Inventory:

Hand Weapons
 a - a +0 shortbow (weapon)
Armour
 c - a +0 leather armour (worn)
Jewellery
 e - an amulet of reflection (around neck)
 h - a ring of fire
 i - a ring of resist corrosion (left hand)
Potions
 f - a potion of curing
 g - a potion of mutation {unknown}

Dungeon Overview and Level Annotations

Branches:
Dungeon (2/15)

Altars:

Shops:
D:1 ?


Message History

You hear a shout!
There is a stone staircase leading up here.
The gnoll shouts!
You shoot an arrow. The arrow hits the gnoll.
The gnoll is moderately wounded.
1134 ||| RETREEEEATING.
1135 ||| RETREEEEATING.
There is a stone staircase leading up here.
A gnoll is nearby!
You shoot an arrow. The arrow hits the gnoll.
The gnoll is heavily wounded.
The gnoll hits you from afar with a +0 spear.
You shoot an arrow.
The arrow hits the gnoll but does no damage.
The gnoll is heavily wounded.
The gnoll hits you from afar with a +0 spear.
You shoot an arrow. The arrow hits the gnoll.
The gnoll is severely wounded.
You block the gnoll's attack.
You shoot an arrow. The arrow hits the gnoll!
The gnoll is heavily wounded.
The gnoll barely misses you. The gnoll closely misses you.
You shoot an arrow. The arrow hits the gnoll.
You kill the gnoll!
The gnoll hits you but does no damage.
Your Ranged Weapons skill increases to level 7!
You shoot an arrow.
The arrow hits the gnoll but does no damage.
The gnoll hits you from afar with a +0 spear.
The gnoll hits you with a +0 whip.
You shoot an arrow. The arrow hits the gnoll.
The gnoll is heavily wounded.
The gnoll hits you from afar with a +0 spear.
You block the gnoll's attack. The gnoll hits you with a +0 whip.
You shoot an arrow.
The arrow hits the gnoll but does no damage.
The gnoll is heavily wounded.
The gnoll completely misses you.
The gnoll hits you from afar with a +0 spear!
You die...

#..#.#
#..#.# #
#..#.##
#.#+#..#..
#........###
#..........#
#......gg#.#
#......#g# #
#.#.g.g#@#
#.#.g#...# #
#g###### ..
##. ..


You could see 3 gnolls.

Vanquished Creatures
  A gnoll (D:2)
  A dart slug (D:1)
  2 endoplasms (D:1)
  2 giant cockroaches (D:1)
  4 hobgoblins (D:1)
  7 jackals (D:1)
  3 kobolds (D:1)
  2 quokkas (D:1)
  4 ball pythons (D:1)
  2 bats (D:1)
  2 frilled lizards (D:1)
  4 rats (D:1)
34 creatures vanquished.

Notes
Turn   | Place    | Note
-------+----------+-------------------------------------------
     0 | D:1      | qw the Deep Elf Hunter began the quest for the Orb.
     0 | D:1      | Reached XP level 1. HP: 12/12 MP: 3/3
     0 | D:1      | 0 ||| qw: Version: 0.3-a-155-g5e7d8dd
     0 | D:1      | 0 ||| qw: Game counter: 1159
     0 | D:1      | 0 ||| qw: Melee chars always use a shield: true
     0 | D:1      | 0 ||| qw: God list: Okawaru
     0 | D:1      | 0 ||| qw: Allow faded altars: false
     0 | D:1      | 0 ||| qw: Do Orc after clearing Dungeon:15 true
     0 | D:1      | 0 ||| qw: Do second Lair branch before Depths: true
     0 | D:1      | 0 ||| qw: Lair rune preference: random
     0 | D:1      | 0 ||| qw: Goals: Normal
     0 | D:1      | 0 ||| PLANNING D:1-11
   148 | D:1      | Found Ugiqan's Magic Scroll Emporium.
   151 | D:1      | 151 ||| SHOPLISTING scroll of enchant armour (90 gold, have
                  | 25).
   151 | D:1      | 151 ||| BUYING scroll of identify (24 gold).
   151 | D:1      | Bought a scroll of identify for 24 gold pieces
   256 | D:1      | Reached XP level 2. HP: 16/16 MP: 4/4
   265 | D:1      | Reached skill level 6 in Ranged Weapons
   652 | D:1      | Reached XP level 3. HP: 20/20 MP: 5/5
  1088 | D:1      | 1088 ||| UPGRADING to amulet of reflection.
  1093 | D:1      | 1093 ||| UPGRADING to ring of resist corrosion.
  1094 | D:1      | 1094 ||| READING scroll of identify.
  1094 | D:1      | 1094 ||| IDENTIFYING white potion
  1095 | D:1      | 1095 ||| DROPPING scroll of butterflies.
  1130 | D:2      | 1130 ||| RETREEEEATING.
  1134 | D:2      | 1134 ||| RETREEEEATING.
  1135 | D:2      | 1135 ||| RETREEEEATING.
  1142 | D:2      | Reached skill level 7 in Ranged Weapons
  1143 | D:2      | HP: 4/20 [gnoll/+0 whip (4)]
  1144 | D:2      | Slain by a gnoll

Levels and vault maps discovered:
D:1:      minmay_arrival_diagonal_passages, layout_basic, serial_shops,
          nicolae_shop_rolled_up, st_stairs_11, minmay_3d_cube
D:2:      layout_basic, hangedman_feature_mirror, uniq_crazy_yiuf_cottage

Skill      XL: |  1  2  3 |
---------------+----------+-----
Ranged Weapons | 6 7 |  7.1
Fighting       | |  1.5
Dodging        | |  2.4
Stealth        | |  1.2

Action                     || total
---------------------------++-------
   Fire: Shortbow          ||    88
    Use: Scroll            ||     1
 Armour: Leather armour    ||    31
  Dodge: Dodged            ||    31
  Block: Other             ||     2

Table legend:
 A = Non-vault XP
 B = Vault XP
 C = Vault XP percentage of total XP
 D = Non-vault monster count
 E = Vault monster count
 F = Vault count percentage of total count
                 A         B        C        D         E       F
            +---------+---------+-------+---------+---------+-------
      Total |      59 |      12 |  16.9 |      28 |       6 |  17.6
            +---------+---------+-------+---------+---------+-------
        D:1 |      45 |      12 |  21.1 |      27 |       6 |  18.2
        D:2 |      14 |       0 |   0.0 |       1 |       0 |   0.0
            +---------+---------+-------+---------+---------+-------
